Map: [ESL] Tropical Sacrifice

Players

Serral - Winner!

  • Race: Zerg Zerg
  • Spawn Location: 7:00

LiquidClem (Clem)

  • Race: Terran Terran
  • Spawn Location: 1:00

Event: HomeStory Cup XXI

VOD

Have the link to the VOD?

Description

Time

  • Played on: July 24, 2022, 6:28 p.m.
  • Length: 18:01

All games in this series

Show
View Real Time Build Order
Export as new Build Order

Serral Zerg - Winner!

Build Orders: Hatch First, Lurkers 

Get SALT Encoding   

  12  0:00  Drone  
  13  0:13  Overlord  
  13  0:18  Drone  
  14  0:31  Drone x2  
  16  0:49  Hatchery  
  15  0:53  Drone  
  15  0:56  Drone  
  17  0:59  Drone  
  18  1:10  Extractor  
  17  1:15  Spawning Pool  
  16  1:18  Drone  
  16  1:22  Drone  
  18  1:28  Drone  
  19  1:39  Drone  
  20  1:50  Drone  
  21  2:01  Queen x2  
  21  2:02  Zergling x4  
  27  2:11  Overlord  
  27  2:12  Drone  
  28  2:25  Hatchery  
  28  2:29  Drone  
  28  2:35  Drone x2  
  29  2:37  Spore Crawler  
  29  2:41  Drone  
  30  2:44  Metabolic Boost  
  30  2:49  Queen  
  32  2:53  Overlord  
  32  2:56  Drone  
  34  2:58  Drone  
  34  3:02  Drone  
  35  3:06  Overlord  
  35  3:13  Drone x4  
  35  3:19  Queen  
  41  3:22  Drone  
  41  3:25  Drone  
  43  3:29  Queen  
  43  3:33  Drone  
  46  3:35  Drone  
  46  3:38  Queen  
  49  3:42  Overlord  
  49  3:44  Zergling x2  
  49  3:45  Drone  
  49  3:47  Drone  
  52  3:51  Zergling x2  
  52  3:54  Overlord  
  53  3:55  Drone  
  53  3:56  Drone  
  53  3:59  Queen  
  53  4:01  Drone  
  58  4:03  Drone  
  58  4:07  Queen  
  62  4:10  Drone  
  62  4:12  Drone  
  62  4:13  Drone  
  64  4:17  Overlord  
  64  4:18  Zergling x2  
  64  4:19  Drone  
  64  4:21  Drone x2  
  68  4:24  Drone  
  68  4:30  Zergling x2  
  70  4:31  Zergling x2  
  70  4:35  Drone  
  72  4:38  Queen  
  72  4:40  Spore Crawler, Drone x3  
  72  4:43  Lair  
  72  4:44  Extractor  
  72  4:45  Overlord  
  75  4:46  Overlord  
  75  4:53  Overlord  
  75  5:04  Drone x5  
  75  5:06  Baneling Nest, Hatchery  
  78  5:09  Spore Crawler  
  78  5:10  Zergling x4  
  77  5:18  Zergling x12  
  76  5:21  Drone x2  
  76  5:25  Drone x2  
  69  5:29  Drone  
  69  5:30  Drone  
  69  5:34  Drone x2  
  71  5:38  Drone x2  
  71  5:40  Drone  
  74  5:47  Drone  
  75  5:52  Centrifugal Hooks, Drone x2  
  75  5:55  Extractor  
  75  5:57  Drone  
  77  5:59  Queen  
  79  6:04  Drone x2  
  79  6:05  Extractor  
  79  6:06  Evolution Chamber x2  
  79  6:07  Drone x3  
  79  6:09  Drone  
  82  6:11  Drone  
  82  6:16  Overlord  
  82  6:17  Drone  
  83  6:18  Drone  
  83  6:19  Drone x2  
  83  6:20  Drone  
  83  6:21  Drone x2  
  83  6:22  Drone  
  83  6:23  Drone  
  83  6:24  Drone  
  92  6:28  Extractor  
  92  6:30  Drone  
  92  6:33  Drone, Zerg Melee Weapons Level 1, Zerg Ground Armor Level 1  
  92  6:34  Drone  
  94  6:40  Queen  
  94  6:41  Hydralisk Den  
  94  6:42  Drone x3  
  94  6:43  Drone  
  94  6:46  Drone x2  
  101  6:48  Drone x2  
  101  6:53  Overlord  
  103  6:54  Drone x2  
  103  6:55  Drone  
  103  6:56  Zergling x4  
  103  6:59  Zergling x2  
  109  7:03  Zergling x6  
  109  7:08  Overlord  
  112  7:10  Overlord x3  
  112  7:15  Baneling x5  
  112  7:19  Muscular Augments  
  112  7:20  Overlord  
  112  7:22  Zergling x10  
  117  7:23  Zergling x6  
  117  7:28  Overlord  
  117  7:38  Zergling x14  
  117  7:39  Overlord  
  117  7:42  Hatchery  
  124  7:44  Zergling x8  
  124  7:51  Drone  
  128  7:52  Overlord  
  128  7:53  Zergling x6  
  128  7:57  Baneling x4  
  131  7:59  Zergling x12  
  131  8:02  Zergling x8  
  140  8:05  Overseer  
  140  8:07  Pneumatized Carapace  
  140  8:13  Drone x3  
  140  8:14  Extractor, Drone, Hydralisk x2  
  147  8:24  Hydralisk x6  
  147  8:26  Overlord  
  156  8:30  Grooved Spines  
  156  8:31  Zerg Ground Armor Level 2, Zerg Melee Weapons Level 2  
  156  8:32  Overlord  
  155  8:36  Zergling x14  
  155  8:37  Baneling x4  
  155  8:38  Baneling  
  155  8:40  Burrow  
  162  8:44  Zergling x12  
  161  8:52  Extractor  
  160  8:57  Drone x4  
  160  8:58  Queen, Drone  
  160  9:00  Zergling x2  
  160  9:01  Zergling x18  
  176  9:04  Baneling x5  
  176  9:09  Zergling x6  
  175  9:14  Zergling x12  
  175  9:16  Baneling x4  
  174  9:23  Infestation Pit  
  173  9:25  Zergling x14  
  173  9:31  Baneling x5  
  179  9:32  Baneling x5  
  179  9:33  Baneling, Overseer  
  179  9:37  Zergling x20  
  188  9:38  Baneling x4  
  188  9:39  Baneling x2  
  187  9:47  Zergling x12  
  187  9:48  Zergling x4  
  187  9:49  Baneling x5  
  187  9:50  Overseer  
  181  9:54  Lurker Den  
  181  9:58  Overlord  
  180  10:01  Hive  
  180  10:04  Zergling x22  
  191  10:12  Zergling x16  
  172  10:23  Drone x2  
  172  10:24  Drone x2  
  172  10:27  Zergling x2  
  172  10:28  Zergling x20  
  187  10:35  Baneling x4  
  186  10:38  Zergling x10  
  186  10:41  Spore Crawler  
  190  10:55  Hydralisk x3  
  190  10:56  Zergling x22  
  199  11:07  Zerg Missile Weapons Level 1  
  191  11:22  Viper x2  
  191  11:24  Seismic Spines, Zergling x4  
  191  11:25  Zergling x6  
  198  11:28  Zergling x6  
  195  11:34  Zerg Ground Armor Level 3  
  192  11:47  Baneling x14  
  189  11:48  Zergling x18  
  195  11:56  Baneling x8  
  195  11:59  Extractor x2  
  195  12:00  Overlord  
  195  12:01  Overlord  
  193  12:06  Overlord  
  193  12:09  Hatchery  
  193  12:10  Overseer  
  193  12:13  Baneling, Hatchery  
  193  12:14  Baneling x9  
  191  12:21  Adaptive Talons, Zergling x28  
  199  12:32  Nydus Network  
  197  12:40  Adrenal Glands  
  197  12:44  Drone x2  
  198  12:51  Drone  
  198  12:52  Overseer  
  161  13:13  Zergling x46  
  161  13:15  Zergling x26  
  197  13:23  Zerg Melee Weapons Level 3, Baneling x3  
  197  13:24  Baneling x7, Zergling x6  
  193  13:39  Zergling x20  
  193  13:40  Zergling x8  
  197  13:45  Lurker x4  
  197  13:46  Lurker x2  
  197  13:47  Baneling x8  
  200  13:50  Spore Crawler  
  200  13:51  Drone  
  200  13:58  Drone  
  200  14:00  Hatchery  
  188  14:04  Zergling x16  
  188  14:05  Zergling x12  
  188  14:10  Zerg Missile Weapons Level 2  
  188  14:15  Nydus Canal  
  176  14:21  Zergling x40  
  184  14:30  Baneling x10  
  178  14:47  Zergling x30  
  178  14:49  Zergling x12  
  194  14:55  Zergling x6, Overseer  
  170  15:10  Zergling x38  
  177  15:14  Zergling x14  
  176  15:28  Baneling  
  176  15:29  Baneling x9  
  176  15:30  Hydralisk x3  
  176  15:31  Zergling x12  
  182  15:37  Drone  
  182  15:38  Drone  
  182  15:39  Drone x2  
  182  15:41  Baneling x8  
  184  15:43  Hydralisk x7  
  184  15:49  Pathogen Glands  
  193  15:54  Hydralisk  
  193  15:55  Zergling x18  
  191  15:58  Zergling x4  
  191  16:02  Zergling x6, Overseer  
  191  16:03  Baneling  
  191  16:04  Baneling x8  
  194  16:05  Zergling x10  
  194  16:10  Baneling x2  
  198  16:22  Drone  
  190  16:34  Zergling x6  
  190  16:35  Zergling x28  
  190  16:38  Zergling x14  
  190  16:39  Zergling x4  
  199  16:43  Zergling x10  
  199  16:47  Baneling  
  199  16:48  Overlord x3, Baneling x5  
  196  17:02  Baneling x10, Overseer  
  196  17:08  Baneling x3, Overseer  
  196  17:10  Baneling x10  
  196  17:11  Zergling x6  
  186  17:28  Zergling x42  
  195  17:36  Zergling x22  
Show
View Real Time Build Order
Export as new Build Order

LiquidClem Terran 

Build Orders: Liberator Opening, Reaper Expand 

Get SALT Encoding   

  12  0:00  SCV  
  13  0:12  SCV  
  14  0:17  Supply Depot  
  14  0:24  SCV  
  15  0:38  SCV  
  15  0:40  Barracks  
  16  0:44  Refinery  
  16  0:51  SCV  
  17  1:03  SCV  
  18  1:15  SCV  
  19  1:27  Orbital Command  
  19  1:28  Reaper  
  20  1:42  Command Center  
  20  1:50  Supply Depot  
  20  1:54  SCV  
  21  1:59  Marine  
  22  2:06  SCV  
  23  2:13  Factory  
  23  2:18  SCV  
  23  2:22  Barracks Reactor  
  24  2:30  SCV  
  25  2:43  SCV, Command Center  
  26  2:54  Orbital Command  
  26  2:57  SCV  
  27  3:03  Starport  
  27  3:09  Refinery  
  27  3:10  SCV  
  28  3:14  Hellion  
  28  3:19  Hellion  
  32  3:21  SCV  
  32  3:25  Barracks Tech Lab  
  32  3:26  SCV  
  34  3:33  SCV  
  35  3:35  Hellion  
  35  3:39  SCV  
  35  3:41  Hellion  
  40  3:46  SCV  
  40  3:48  Liberator  
  41  3:52  SCV  
  41  3:55  Orbital Command  
  45  3:58  SCV  
  46  4:03  Hellion  
  46  4:04  Hellion, SCV  
  51  4:10  SCV  
  51  4:11  Supply Depot  
  51  4:13  Stimpack  
  51  4:17  SCV  
  53  4:22  SCV x2  
  55  4:29  SCV  
  56  4:33  Starport Reactor  
  56  4:34  Barracks, SCV  
  56  4:36  Marine  
  56  4:38  Supply Depot  
  58  4:40  Barracks  
  58  4:41  Factory Tech Lab  
  58  4:43  SCV x2  
  60  4:48  Refinery  
  60  4:50  Refinery, SCV  
  60  4:52  Engineering Bay  
  61  4:54  Marine  
  61  4:55  Engineering Bay, SCV  
  61  4:58  Orbital Command  
  63  5:01  Supply Depot  
  63  5:02  SCV  
  64  5:08  SCV  
  64  5:10  Supply Depot  
  64  5:12  Marine  
  66  5:14  SCV  
  66  5:20  Starport Reactor  
  67  5:24  Barracks x2, SCV, Terran Infantry Armor Level 1, Terran Infantry Weapons Level 1  
  60  5:30  Marine  
  60  5:31  Siege Tank  
  60  5:32  SCV x2  
  58  5:36  Marine x2  
  58  5:38  SCV  
  58  5:42  Orbital Command, Marine  
  61  5:45  SCV x2, Supply Depot  
  61  5:47  Marine  
  65  5:51  SCV  
  65  5:52  Marine  
  65  5:53  Combat Shield  
  67  5:58  Medivac x2  
  67  5:59  Marine x2  
  67  6:03  Armory  
  73  6:04  SCV  
  73  6:05  Marine  
  73  6:06  SCV  
  73  6:08  SCV  
  73  6:09  Marine  
  73  6:10  Marine  
  79  6:15  Barracks Reactor x2  
  79  6:16  SCV, Supply Depot  
  79  6:17  Marine x2  
  79  6:18  SCV  
  83  6:21  SCV  
  83  6:23  Siege Tank, Marine  
  88  6:26  Refinery  
  88  6:27  Marine, Supply Depot  
  88  6:30  SCV x2  
  91  6:34  SCV  
  91  6:36  Factory  
  91  6:39  Bunker  
  92  6:42  SCV, Marine x4  
  92  6:43  SCV  
  92  6:45  Marine  
  92  6:47  SCV  
  100  6:54  SCV  
  100  6:57  Marine x3, Command Center  
  100  7:01  Terran Vehicle And Ship Armor Level 1, Drilling Claws  
  104  7:03  Widow Mine  
  104  7:05  Supply Depot, Marine  
  104  7:06  Marine  
  108  7:08  Marine x2  
  108  7:12  Marine, Supply Depot  
  111  7:16  Marine x2  
  111  7:19  Terran Infantry Weapons Level 2, Supply Depot  
  113  7:24  Terran Infantry Armor Level 2  
  113  7:27  Marine  
  113  7:29  Marine, Factory Reactor  
  115  7:30  Marine x2  
  115  7:33  Marine  
  115  7:34  Marine x2  
  118  7:39  Supply Depot, Marine x2  
  118  7:42  Widow Mine  
  118  7:43  Medivac  
  124  7:45  Medivac, Marine  
  124  7:48  Marine  
  124  7:49  Supply Depot, Marine  
  124  7:50  Marine  
  130  7:53  Marine  
  131  8:04  Widow Mine  
  132  8:05  Widow Mine  
  132  8:07  Marine  
  132  8:08  Marine x7  
  132  8:11  Sensor Tower  
  140  8:13  SCV x2, Medivac  
  140  8:14  SCV  
  140  8:15  Medivac  
  140  8:18  Marine  
  140  8:19  Widow Mine  
  150  8:25  SCV, Marine  
  150  8:26  Widow Mine  
  154  8:27  Marine, Widow Mine  
  154  8:29  Marine x2  
  159  8:37  Planetary Fortress  
  159  8:38  Marine x2  
  159  8:39  SCV  
  159  8:41  Marine x3, Widow Mine  
  164  8:43  Medivac, Marine  
  164  8:45  Marine, Medivac  
  164  8:47  Widow Mine  
  162  8:51  Supply Depot x2, SCV, Marine  
  162  8:53  Marine  
  162  8:55  SCV  
  163  8:56  Marine x2  
  163  9:00  Widow Mine  
  163  9:01  Marine x3  
  163  9:02  Marine  
  171  9:03  Marine  
  171  9:07  SCV  
  170  9:12  Marine x2, Widow Mine  
  170  9:13  Medivac  
  170  9:14  SCV, Marine  
  174  9:21  Marine  
  174  9:22  Marauder  
  174  9:24  Terran Vehicle Weapons Level 1  
  175  9:26  SCV x2  
  175  9:28  Factory Tech Lab  
  177  9:31  Refinery  
  177  9:32  Refinery, SCV  
  177  9:33  Siege Tank  
  177  9:34  SCV  
  177  9:35  Sensor Tower  
  177  9:38  SCV x2  
  184  9:41  Marine  
  182  9:45  Medivac  
  182  9:46  Marine  
  182  9:47  Widow Mine  
  186  9:54  Command Center  
  186  10:02  Barracks  
  186  10:05  Widow Mine  
  186  10:06  Barracks  
  187  10:10  Barracks, Siege Tank  
  180  10:16  Marine  
  180  10:18  Terran Infantry Weapons Level 3  
  175  10:22  Supply Depot  
  175  10:23  SCV  
  175  10:27  Widow Mine  
  175  10:28  SCV, Command Center  
  179  10:29  SCV  
  179  10:30  SCV  
  181  10:43  Siege Tank  
  181  10:48  Refinery, Ghost Academy, Siege Tank  
  187  10:50  Terran Infantry Armor Level 3  
  187  10:51  Barracks Tech Lab  
  187  10:56  Barracks Tech Lab  
  184  11:01  Marine x2, Marauder  
  184  11:02  Marine x2  
  190  11:07  Command Center  
  190  11:08  Missile Turret  
  190  11:11  Missile Turret  
  189  11:14  Medivac  
  189  11:15  Siege Tank  
  182  11:20  Siege Tank  
  182  11:22  Marine  
  182  11:24  Marine  
  179  11:27  Command Center  
  171  11:40  Medivac  
  171  11:44  Medivac  
  171  11:45  Ghost  
  173  11:47  Orbital Command, Barracks Tech Lab, Siege Tank  
  173  11:50  SCV  
  173  11:52  Siege Tank  
  173  11:53  SCV x3  
  180  11:55  Ghost  
  180  12:00  Ghost  
  184  12:04  Factory  
  184  12:10  Refinery  
  184  12:11  Refinery  
  184  12:14  Ghost  
  184  12:15  Sensor Tower  
  186  12:16  Marine x2  
  186  12:19  Siege Tank, Missile Turret  
  186  12:20  Planetary Fortress  
  188  12:24  Orbital Command, Siege Tank  
  191  12:30  Terran Vehicle Weapons Level 2  
  191  12:32  Marine x9  
  191  12:34  Marine  
  198  12:38  SCV  
  198  12:42  Orbital Command  
  199  12:56  Missile Turret  
  199  12:58  Missile Turret  
  192  13:07  Siege Tank, Medivac x2  
  192  13:08  Orbital Command  
  181  13:18  Siege Tank, Marine x6, Command Center  
  181  13:19  Marine x2, Sensor Tower  
  192  13:20  Missile Turret  
  192  13:25  Marine x2  
  194  13:27  Factory Tech Lab  
  194  13:29  Ghost  
  196  13:37  Medivac  
  196  13:39  Siege Tank, Marine  
  192  13:44  Ghost  
  194  13:50  Siege Tank  
  194  13:54  Hi-Sec Auto Tracking, Personal Cloaking  
  197  13:56  Ghost  
  198  14:04  Orbital Command, Siege Tank  
  198  14:09  Marine  
  194  14:11  Siege Tank  
  194  14:14  Ghost, Marine  
  194  14:16  Marine  
  178  14:18  Marine  
  178  14:20  Marine x2  
  178  14:22  Siege Tank  
  184  14:25  Sensor Tower  
  184  14:26  Command Center  
  184  14:29  Marine x2  
  184  14:31  Marine x3, Marauder  
  189  14:32  Marine  
  189  14:34  Marine  
  189  14:36  Siege Tank, Marine  
  192  14:44  Siege Tank  
  182  14:48  Marine x2, Marauder  
  182  14:49  Marine  
  182  14:50  Marine, Marauder  
  182  14:52  Marine  
  184  14:54  Siege Tank, Marine x2  
  182  15:06  Marine x2  
  176  15:08  Siege Tank  
  163  15:14  Marine x2  
  163  15:15  Marauder  
  163  15:16  Siege Tank  
  170  15:26  Siege Tank  
  166  15:35  SCV x3  
  169  15:38  Orbital Command  
  169  15:39  Barracks Tech Lab  
  169  15:40  Siege Tank  
  172  15:48  Siege Tank  
  163  15:55  SCV  
  158  15:58  Siege Tank  
  158  16:02  Marine  
  162  16:08  Planetary Fortress  
  162  16:12  Siege Tank  
  162  16:16  Ghost x2  
  169  16:18  SCV  
  169  16:19  Orbital Command  
  169  16:20  Siege Tank  
  169  16:25  Marine  
  174  16:26  Command Center  
  174  16:30  Siege Tank  
  174  16:31  SCV  
  167  16:34  SCV  
  167  16:35  SCV  
  167  16:36  SCV  
  167  16:39  Marine x4  
  154  16:42  Marine  
  154  16:43  SCV, Marine  
  154  16:44  Siege Tank  
  154  16:46  SCV  
  160  16:47  SCV  
  160  16:50  Marine  
  160  16:52  Siege Tank, Marine  
  165  16:58  Marine x3  
  165  17:01  SCV x2  
  163  17:03  Siege Tank  
  163  17:04  Sensor Tower  
  163  17:07  SCV x4, Missile Turret, Sensor Tower  
  163  17:08  Marine  
  171  17:11  Ghost  
  173  17:16  Siege Tank  
  164  17:24  Siege Tank  
  164  17:29  Marine x6, Marauder  
  154  17:43  SCV x2  
  151  17:46  SCV  
Tags
 
Add a new tag
Caveats
  • Supply blocks, unpowered buildings, or Contaminate may cause inaccurate times.
  • Supply counts are checked every 10 seconds.